 Dungeon Crawl Stone Soup version 0.29-a0-813-g4a14ea37d6 (webtiles) character file.

Game seed: 15555704094584639958

6968 buhh the Nimble (level 11, -1/88 HPs)
             Began as an Octopode Transmuter on July 5, 2022.
             Was an Initiate of Cheibriados.
             Slain by a vampire (9 damage)
             ... on level 9 of the Dungeon.
             The game lasted 00:25:28 (14285 turns).

buhh the Nimble (Octopode Transmuter)              Turns: 14285, Time: 00:25:29

Health: -1/88      AC:  8    Str: 11    XL:     11   Next: 7%
Magic:  12/14      EV: 13    Int: 26    God:    Cheibriados [......]
Gold:   406        SH:  0    Dex: 14    Spells: 4/14 levels left

rFire   x . .      SeeInvis .     - Unarmed
rCold   + + +      Faith    .   (shield currently unavailable)
rNeg    . . .      Spirit   .   (helmet currently unavailable)
rPois   +          Reflect  .   (no amulet)
rElec   .          Harm     .   e - +6 ring of intelligence
rCorr   .          Rampage  .   b - ring of wizardry
Will    .....                   s - ring of poison resistance
Stlth   ++........              (no ring)
HPRegen 0.24/turn               (no ring)
MPRegen 0.14/turn               (no ring)
                                (no ring)
                                (no ring)

@: brilliant, ice-form, slow
A: freezing attack, boosted hp, almost no armour, amphibious, 8 rings, large,
(camouflage 1), (gelatinous body 1), (nimble swimmer 1), (tentacles)
a: End Transformation, Renounce Religion


You were on level 9 of the Dungeon.
You worshipped Cheibriados.
Cheibriados was noncommittal.
You were a creature of crystalline ice.
You visited 2 branches of the dungeon, and saw 10 of its levels.
You also visited: Ossuary.

You collected 406 gold pieces.

Inventory:

Hand Weapons
 a - the +4 sling of the Morning {vorpal, rPois rF+ rN+ Will+}
   (You found it on level 2 of the Dungeon)

   Any ammunition fired from it inflicts extra damage upon your enemies.
   rF:        It protects you from fire.
   rPois:     It protects you from poison.
   rN:        It protects you from negative energy.
   Will:      It increases your willpower.
Missiles
 h - 2 curare-tipped darts
 i - 67 poisoned darts
 r - a throwing net {!f}
Magical Staves
 k - a staff of earth
Jewellery
 b - a ring of wizardry (right front paw)
 e - a +6 ring of intelligence (left front paw)
 o - a ring of fire
 p - an amulet of faith {!P}
 s - a ring of poison resistance (on tentacle)
Wands
 c - a wand of charming (10)
 f - a wand of flame (10)
 q - a wand of polymorph (21)
Scrolls
 g - a scroll of identify {!d}
 F - 5 scrolls of enchant weapon
 P - 3 scrolls of magic mapping {!r!d}
 Q - 2 scrolls of fog
 R - a scroll of torment
 T - 3 scrolls of immolation {!d}
 X - a scroll of amnesia
 Z - 3 scrolls of enchant armour
Potions
 d - 3 potions of might {unknown}
 j - 3 potions of attraction {unknown}
 l - 3 potions of degeneration {unknown}
 m - 4 potions of flight {unknown}
 O - a potion of haste {!q!d}
 V - a potion of cancellation {!q!d}


   Skills:
 + Level 6.5 Fighting
 * Level 9.1 Dodging
 - Level 2.0 Stealth
 * Level 8.8 Unarmed Combat
 - Level 2.0 Spellcasting
 * Level 5.5 Conjurations
 * Level 7.5 Transmutations
 - Level 2.0 Poison Magic


You had 4 spell levels left.
You knew the following spells:

 Your Spells              Type           Power      Damage    Failure   Level
a - Beastly Appendage     Tmut           100%       N/A       1%          1
b - Wereblood             Tmut           58%        N/A       1%          2
c - Spider Form           Tmut/Pois      41%        N/A       1%          3
d - Ice Form              Ice/Tmut       33%        N/A       9%          4

Your spell library contained the following spells:

 Spells                   Type           Power      Damage    Failure   Level
 Shock                    Conj/Air       100%       1d9       1%          1
 Sting                    Tmut/Pois      100%       1d8       1%          1
 Ignite Poison            Fire/Tmut/Pois 28%        N/A       3%          3
 Freeze                   Ice            12%        1d4       4%          1
 Slow                     Hex            12%        N/A       4%          1
 Poisonous Vapours        Pois/Air       22%        N/A       4%          2
 Conjure Flame            Conj/Fire      25%        6-21      4%          3
 Sublimation of Blood     Necr           3%         N/A       6%          2
 Petrify                  Tmut/Erth      33%        N/A       9%          4
 Confusing Touch          Hex            3%         N/A       12%         3
 Frozen Ramparts          Ice            6%         1d2       12%         3
 Swiftness                Air            3%         N/A       12%         3
 Vampiric Draining        Necr           3%         2d6       12%         3
 Hailstorm                Conj/Ice       25%        3d7       13%         4
 Sticky Flame             Conj/Fire      25%        2d5       13%         4
 Olgreb's Toxic Radiance  Pois           19%        N/A       17%         4
 Airstrike                Air            1%         0-2+      38%         4
 Summon Ice Beast         Ice/Summ       3%         N/A       38%         4
 Irradiate                Conj/Tmut      26%        3d22      9%          5


Dungeon Overview and Level Annotations

Branches:
Dungeon (9/15) Zot: 38502  Temple (1/1) D:7 Zot: 8770 Ossuary (visited)
   Lair: D:8-11         Orc: D:9-12

Altars:
Ashenzari
Cheibriados
Dithmenos
Fedhas
Gozag
Hepliaklqana
Kikubaaqudgha
Makhleb
Nemelex Xobeh
Okawaru
Qazlal
Ru
Sif Muna
Trog
Uskayaw
Wu Jian
Xom
Yredelemnul
Zin
The Shining One

Annotations:
D:3 1 runed translucent door, RepHenryClay's ghost, amateur OpVM
D:4 Duvessa
D:7 exclusions: acid dragon, howler monkey, manticore and 1 more exclusion


Innate Abilities, Weirdness & Mutations

You are a creature of crystalline ice.
You have a powerful freezing melee attack.
Your maximum health is increased.
Your armour is entirely melded.
You are incapable of wielding weapons or throwing items.
You cannot wear most types of armour.
You are amphibious.
You can wear up to eight rings at the same time.
((Your skin changes colour to match your surroundings (Stealth+).))
((Your rubbery body absorbs attacks. (AC +1, EV +1)))
((You are camouflaged when in or above water. (Stealth+)))
((You have tentacles for arms and can constrict up to eight enemies at once.))


Message History

You see here 4 stones.
A hornet comes into view.
The vampire casts a spell.
The vampire flickers and vanishes!
You hear some strange, mumbled words.
Something tries to affect you, but you resist.
You see here 4 stones.
Something hits you. Something bites you.
Something draws strength from your injuries!
Something hits you! Something bites you.
Something draws strength from your injuries!
Really read
n - a scroll of fear {!r}?
You can't see any enemies this would affect, really read the scroll of fear?
As you read the scroll of fear {!r}, it crumbles to dust.
You assume a fearsome visage.
Nothing appears to happen.
Something hits you! Something bites you!
Something draws strength from your injuries!
Really quaff
K - a potion of brilliance {!q!d}?
You feel clever all of a sudden. Something hits you! Something bites you!
* * * LOW HITPOINT WARNING * * *
Something draws strength from your injuries!
Casting: Ice Form (dangerous; 9% risk of failure)
Press: ? - help, Q - select action, (/) - cycle Dir - look around, f - activate You feel a surge of power!
You turn into a creature of crystalline ice.
Something hits you!
* * * LOW HITPOINT WARNING * * *
Something bites you.
* * * LOW HITPOINT WARNING * * *
Something draws strength from your injuries!
Really quaff
N - 2 potions of curing {!q!d}?
You feel better. Something hits you!
* * * LOW HITPOINT WARNING * * *
Something bites you.
* * * LOW HITPOINT WARNING * * *
Something draws strength from your injuries!
Really quaff
N - a potion of curing {!q!d}?
You feel better. Something hits you!
You die...

##...# #..... #.....
##### ..y.. #...#
..... #...# #...#
##...#############...#
#>...Y{...(...........
#..._.#######.........
#...........+.........
#.....#######.........
#....## #.........
#....# #.........
.......# #....#####
#........# #....#
#........#


There were no monsters in sight!

Vanquished Creatures
  A two-headed ogre (D:9)
  2 trolls
  A hornet (D:7)
  Grinder (D:4)
  Prince Ribbit (D:5)
  A wyvern (D:7)
  5 yaks (D:8)
  3 steam dragons (D:7)
  Menkaure (D:5)
  Edmund (D:5)
  2 ice beasts (D:6)
  A black bear (D:6)
  4 sky beasts
  2 ogres
  An orc warrior (D:9)
  4 centaurs
  5 kobold brigands
  6 elf zombies (Ossuary)
  2 bullfrogs
  2 necrophages
  3 scorpions
  Dowan (D:4)
  A howler monkey (D:7)
  A centaur zombie (Ossuary)
  5 jellies
  3 hounds
  5 human zombies (Ossuary)
  5 orc priests
  A gnoll bouda (D:9)
  5 iguanas
  11 orc wizards
  3 mummies (Ossuary)
  Robin (D:2)
  5 adders
  12 gnolls
  2 shadow imps
  2 white imps (D:7)
  2 worms
  2 dart slugs
  45 orcs
  2 bats (D:3)
  3 endoplasms
  5 giant cockroaches
  13 goblins
  9 hobgoblins
  2 jackals (D:1)
  30 kobolds
  3 quokkas
  6 ball pythons
  3 frilled lizards
  4 rats
241 creatures vanquished.

Notes
Turn   | Place    | Note
-------+----------+-------------------------------------------
     0 | D:1      | buhh the Octopode Transmuter began the quest for the Orb.
     0 | D:1      | Reached XP level 1. HP: 13/13 MP: 3/3
    60 | D:1      | Reached XP level 2. HP: 11/18 MP: 5/5
  1208 | D:2      | Noticed Robin
  1221 | D:2      | Learned a level 2 spell: Wereblood
  1410 | D:2      | Identified the +4 sling of the Morning {vorpal, rPois rF+
                  | rN+ Will+}
  1432 | D:2      | Reached XP level 3. HP: 24/24 MP: 6/6
  1546 | D:2      | Found a faded altar of an unknown god.
  1968 | D:2      | Killed Robin
  1984 | D:2      | Reached XP level 4. HP: 30/30 MP: 7/7
  2266 | D:3      | Found a runed translucent door.
  2275 | D:3      | Noticed RepHenryClay's ghost (amateur OpVM)
  2329 | D:3      | Learned a level 3 spell: Spider Form
  3228 | D:4      | Noticed Grinder
  3228 | D:4      | Paralysed by Grinder for 4 turns
  3243 | D:3      | Reached XP level 5. HP: 35/35 MP: 8/8
  3337 | D:4      | Paralysed by Grinder for 3 turns
  3345 | D:4      | Paralysed by Grinder for 4 turns
  3349 | D:4      | Killed Grinder
  3350 | D:4      | Reached skill level 4 in Dodging
  3350 | D:4      | Reached XP level 6. HP: 32/42 MP: 7/9
  3680 | D:4      | Found a basalt altar of Yredelemnul.
  3789 | D:4      | Noticed Dowan
  3802 | D:4      | Killed Dowan
  3803 | D:4      | Reached XP level 7. HP: 46/46 MP: 7/10
  4156 | D:5      | Entered Level 5 of the Dungeon
  4174 | D:4      | Reached skill level 5 in Dodging
  4340 | D:5      | Found a sand-covered staircase.
  4484 | Ossuary  | Entered an ossuary
  4841 | Ossuary  | Reached XP level 8. HP: 53/54 MP: 11/11
  4880 | Ossuary  | Reached skill level 6 in Dodging
  5954 | D:5      | Noticed Edmund
  6342 | D:5      | Found a sparkling altar of Nemelex Xobeh.
  6651 | D:6      | Reached XP level 9. HP: 43/60 MP: 6/12
  6978 | D:6      | Reached skill level 7 in Dodging
  8075 | D:5      | Killed Edmund
  8119 | D:5      | Noticed Menkaure
  8127 | D:5      | Killed Menkaure
  8379 | D:5      | Found a sacrificial altar of Ru.
  8446 | D:5      | Found a shadowy altar of Dithmenos.
  8449 | D:5      | Noticed Prince Ribbit
  8531 | D:5      | Found a glowing silver altar of Zin.
  8996 | D:4      | Noticed Duvessa
  9161 | D:7      | Found a staircase to the Ecumenical Temple.
  9173 | Temple   | Entered the Ecumenical Temple
  9760 | D:7      | Learned a level 4 spell: Ice Form
  9815 | D:7      | Noticed a troll
  9823 | D:7      | Killed a troll
  9928 | D:7      | Reached XP level 10. HP: 41/68 MP: 10/13
 10203 | D:7      | Noticed a manticore
 10242 | D:7      | Reached skill level 8 in Dodging
 11975 | D:8      | Found a blossoming altar of Fedhas.
 12638 | D:5      | Found a broken altar of Ashenzari.
 12651 | D:5      | Killed Prince Ribbit
 12833 | D:7      | Noticed a two-headed ogre
 13494 | D:9      | Noticed a two-headed ogre
 13592 | D:9      | Killed a two-headed ogre
 13593 | D:9      | Reached skill level 9 in Dodging
 13593 | D:9      | Reached XP level 11. HP: 61/74 MP: 7/14
 13995 | D:9      | Found a snail-covered altar of Cheibriados.
 14246 | D:9      | Became a worshipper of Cheibriados the Contemplative
 14283 | D:9      | HP: 3/88 [something (2)]
 14285 | D:9      | Slain by a vampire

Illustrated notes

Levels and vault maps discovered:
D:1:      minmay_arrival_four_circles, layout_basic
D:2:      layout_basic, hellmonk_ecumenical_altar_inner_sanctum,
          grunt_decor_junction, uniq_robin
D:3:      layout_loops_ring, ebering_ghost_reflecting_pool
D:4:      layout_basic, mainiacjoe_overflow_brackets, uniq_duvessa, uniq_grinder
D:5:      layout_gridville, mainiacjoe_overflow_chevrons, minitemple,
          hangedman_ru_absence, nemelex_xobeh_ov_fountains_minmay,
          chequers_ossuary_entry_cave, st_stairs_2, uniq_menkaure,
          uniq_prince_ribbit1, uniq_edmund
D:6:      layout_cave_pools, minmay_stone_trees_small,
          chequers_serial_rivers_marsh
D:7:      minmay_the_grid_plus [minmay_the_grid_small_cups,
          minmay_the_grid_embedded, minmay_the_grid_minigrid_large,
          minmay_the_grid_spin_star, minmay_the_grid_prize_four_corners],
          layout_gridville
D:8:      layout_loops_ring, fedhas_altar_1
D:9:      minmay_chambers_of_sixes, layout_basic, cheibriados_altar_1,
          serial_curves, eino_curves_04, eino_curves_03, eino_curves_04
Temple:   nicolae_temple_bog_church

Skill      XL: |  1  2  3  4  5  6  7  8  9 10 |
---------------+-------------------------------+-----
Stealth        | 1 2 |  2.0
Fighting       | 2 3 4 5 6 |  6.5
Poison Magic   | 1 2 |  2.0
Dodging        | 4 5 6 7 9 |  9.1
Unarmed Combat | 4 5 6 7 8 |  8.8
Transmutations | 4 6 7 |  7.5
Conjurations   | 3 5 |  5.5
Spellcasting   | |  2.0

Action                   |  1- 3 |  4- 6 |  7- 9 | 10-12 || total
-------------------------+-------+-------+-------+-------++-------
Melee: Unarmed           |    53 |    36 |   298 |   225 ||   612
       Kick              |    10 |       |    27 |       ||    37
       Constrict         |     8 |     3 |    17 |     2 ||    30
       Tentacles         |     1 |     2 |    31 |     4 ||    38
       Punch             |     1 |       |    11 |       ||    12
       Staff             |       |       |     4 |       ||     4
 Fire: Sling             |    27 |    70 |    17 |    17 ||   131
 Cast: Beastly Appendage |    16 |     2 |     7 |       ||    25
       Spider Form       |       |     4 |    28 |     6 ||    38
       Wereblood         |       |       |     3 |     3 ||     6
       Ice Form          |       |       |     2 |    24 ||    26
 Abil: End Transformatio |       |       |     2 |       ||     2
Evoke: Wand              |       |       |     5 |       ||     5
  Use: Potion            |     2 |     1 |     3 |     5 ||    11
       Scroll            |       |       |    24 |     3 ||    27
 Stab: Sleeping          |     5 |     1 |     2 |       ||     8
Armor: Skin              |    26 |    12 |    11 |    40 ||    89
Dodge: Dodged            |    18 |    37 |   229 |   124 ||   408

Table legend: (Time is in decaauts)
 A = Elapsed time spent in this place.
 B = Non-inter-level travel time spent in this place.
 C = Inter-level travel time spent in this place.
 D = Time resting spent in this place.
 E = Time spent auto-exploring this place.
 F = Levels seen in this place.
 G = Mean time per level.
                   A        B        C        D        E       F      G
               +--------+--------+--------+--------+--------+-----+--------+
         Total |  14258 |  13702 |    556 |   4829 |   6395 |  11 | 1296.2 |
       Dungeon |  12683 |  12138 |    545 |   3703 |   6182 |   9 | 1409.2 |
        Temple |    152 |    141 |     11 |      0 |    126 |   1 |  152.0 |
       Ossuary |   1422 |   1422 |      0 |   1126 |     87 |   1 | 1422.0 |
               +--------+--------+--------+--------+--------+-----+--------+

Top non-repeatable levels by time:
     D:7: 2267 daAuts
     D:5: 1759 daAuts
     D:6: 1725 daAuts
 Ossuary: 1422 daAuts
     D:4: 1363 daAuts
     D:9: 1347 daAuts
     D:2: 1150 daAuts
     D:1: 1135 daAuts
     D:3: 1034 daAuts
     D:8: 899 daAuts
  Temple: 152 daAuts
